 Dungeon Crawl Stone Soup version 0.29.1 (webtiles) character file.

Game seed: 8335669849919556687

550 Icepheonix32 the Transmogrifier (level 7, -3/48 HPs)
             Began as a Merfolk Transmuter on Sept 13, 2022.
             Was an Initiate of Wu Jian.
             Splashed by a jelly's acid (8 damage)
             ... on level 5 of the Dungeon.
             The game lasted 00:08:10 (5475 turns).

Icepheonix32 the Transmogrifier (MfTm)              Turns: 5475, Time: 00:08:11

Health: -3/48      AC:  1    Str: 11    XL:     7   Next: 29%
Magic:  0/10       EV: 14    Int: 14    God:    Wu Jian [......]
Gold:   223        SH:  0    Dex: 14    Spells: 0/10 levels left

rFire   . . .      SeeInvis .     - Unarmed
rCold   . . .      Faith    .   (no shield)
rNeg    . . .      Spirit   +   a - +0 robe
rPois   .          Reflect  .   (helmet currently unavailable)
rElec   .          Harm     .   g - +2 cloak
rCorr   .          Rampage  .   (no gloves)
Will    .....                   (boots currently unavailable)
Stlth   +.........              i - amulet of guardian spirit
HPRegen 0.16/turn               (no ring)
MPRegen 0.12/turn               (no ring)

@: appendages, corroded
A: horns 2, (nimble swimmer 2), mertail
a: End Transformation, Renounce Religion


You were on level 5 of the Dungeon.
You worshipped Wu Jian.
Wu Jian was noncommittal.
You had temporarily grown beastly horns.
You visited 2 branches of the dungeon, and saw 6 of its levels.

You collected 223 gold pieces.

Inventory:

Hand Weapons
 h - a +0 dagger
 q - a +0 hammer
Missiles
 u - 4 poisoned darts
Armour
 a - a +0 robe (worn)
 g - a +2 cloak (worn)
 r - a +0 leather armour
Magical Staves
 b - a staff of air
Jewellery
 i - an amulet of guardian spirit (around neck)
Wands
 o - a wand of polymorph (3)
Scrolls
 c - a scroll of noise {unknown}
 d - a scroll of identify
 e - 2 scrolls of teleportation
 k - a scroll of enchant weapon {unknown}
 l - 2 scrolls of magic mapping
 p - a scroll of torment
 s - 2 scrolls of blinking {unknown}
Potions
 f - a potion of cancellation {unknown}
 j - a potion of brilliance
 m - a potion of curing
 n - a potion of haste
 t - a potion of resistance {unknown}


   Skills:
 - Level 1.1 Fighting
 + Level 5.1 Dodging
 + Level 4.0 Unarmed Combat
 - Level 2.0 Spellcasting
 * Level 8.4 Transmutations
 * Level 0.7 Ice Magic
 * Level 1.5 Poison Magic


You couldn't memorise any spells.
You knew the following spells:

 Your Spells              Type           Power      Damage    Failure   Level
a - Beastly Appendage     Tmut           48%        N/A       1%          1
b - Wereblood             Tmut           24%        N/A       1%          2
c - Spider Form           Tmut/Pois      15%        N/A       10%         3
d - Ice Form              Ice/Tmut       14%        N/A       36%         4

Your spell library contained the following spells:

 Spells                   Type           Power      Damage    Failure   Level


Dungeon Overview and Level Annotations

Branches:
Dungeon (5/15)             Temple (1/1) D:4

Altars:
Ashenzari
Cheibriados
Dithmenos
Elyvilon
Fedhas
Gozag
Kikubaaqudgha
Makhleb
Nemelex Xobeh
Okawaru
Qazlal
Ru
Sif Muna
Trog
Uskayaw
Vehumet
Wu Jian
Xom
Yredelemnul
Zin
The Shining One

Shops:
D:1 (

Annotations:
D:3 3 runed translucent doors, RascalDebosk's ghost, amateur MiBe
D:4 3 runed translucent doors, CertainDeath's ghost, amateur MfTm; RascalDebosk's ghost, amateur TrBe; lambentLogic's ghost, amateur KoEn


Innate Abilities, Weirdness & Mutations

You have temporarily grown beastly horns.
((You are very nimble when in or above water. (Stealth+, EV+, Speed+++)))
Your lower body shifts to a powerful aquatic tail in water.


Message History

The jackal bites you but does no damage.
The jackal attacks as you move away! The jackal completely misses you.
The jelly attacks as you move away! The jelly misses you.
The jackal attacks as you move away! The jackal barely misses you.
The jackal bites you but does no damage.
The jelly attacks as you move away! The jelly closely misses you.
The jackal attacks as you move away!
The jackal bites you but does no damage.
The jackal attacks as you move away!
The jackal bites you but does no damage.
The jelly attacks as you move away! The jelly barely misses you.
The jackal attacks as you move away! The jackal closely misses you.
The jackal bites you but does no damage.
The jelly attacks as you move away! The jelly misses you.
The jackal attacks as you move away! The jackal barely misses you.
The jackal attacks as you move away!
The jackal bites you but does no damage.
Found 12 gold pieces.
The jackal closely misses you. The jackal bites you.
The jackal attacks as you move away! The jackal closely misses you.
The jelly attacks as you move away! The jelly misses you.
The jackal misses you. The jackal bites you.
The jackal attacks as you move away! The jackal barely misses you.
The jelly attacks as you move away! The jelly hits you.
You are splashed with acid!
* * * LOW HITPOINT WARNING * * *
The jackal bites you but does no damage.
The jackal closely misses you. The jackal attacks as you move away!
The jackal barely misses you. The jelly attacks as you move away!
The jelly hits you.
* * * LOW HITPOINT WARNING * * *
The acid corrodes you!
You are splashed with acid!
* * * LOW HITPOINT WARNING * * *
The jackal attacks as you move away! The jackal closely misses you. x2
The jackal misses you.
You feel better. The jackal bites you.
* * * LOW HITPOINT WARNING * * *
The jelly hits you.
* * * LOW HITPOINT WARNING * * *
You are splashed with acid!
You die...

....................
................##..
................##..
....................
####................
######## ##...............
.......# #...............
.......########hhJ.......$
................@.........
....<#...........#######..
...#.#...........# ...
.....#...........####...
.....#.....P.PP††.......
.....#........♣~~P......
...).#.....P..~~~~~~.P..
.....#......≈~~~~≈~~....
.....#.....~~~≈≈≈≈~~~P..


You could see a jelly and 2 jackals.

Vanquished Creatures
  A necrophage (D:2)
  A scorpion (D:5)
  2 hounds
  An orc priest (D:3)
  Crazy Yiuf (D:3)
  2 iguanas (D:4)
  Natasha (twice) (D:4)
  An orc wizard (D:4)
  11 adders
  An ufetubus (D:5)
  A worm (D:5)
  3 dart slugs
  5 orcs
  9 endoplasms
  A giant cockroach (D:2)
  7 goblins
  7 hobgoblins
  3 jackals (D:5)
  A quokka (D:4)
  6 ball pythons
  3 bats
  6 frilled lizards
  8 kobolds
  5 rats
88 creatures vanquished.

Notes
Turn   | Place    | Note
-------+----------+-------------------------------------------
     0 | D:1      | Icepheonix32 the Merfolk Transmuter began the quest for the
                  | Orb.
     0 | D:1      | Reached XP level 1. HP: 15/15 MP: 3/3
    12 | D:1      | Found Jeaginuxt's Antique Weapon Boutique.
    87 | D:1      | Reached skill level 3 in Transmutations
   188 | D:1      | Reached XP level 2. HP: 21/21 MP: 3/5
   521 | D:1      | Reached skill level 4 in Transmutations
   596 | D:1      | Learned a level 2 spell: Wereblood
   637 | D:1      | Reached XP level 3. HP: 26/26 MP: 4/6
  1249 | D:2      | Reached skill level 5 in Transmutations
  1302 | D:2      | Reached XP level 4. HP: 24/32 MP: 5/7
  1404 | D:2      | Found a faded altar of an unknown god.
  1483 | D:2      | Noticed a necrophage
  1501 | D:2      | Killed a necrophage
  1502 | D:2      | Reached skill level 6 in Transmutations
  1502 | D:2      | Reached XP level 5. HP: 21/37 MP: 8/8
  2728 | D:3      | Reached skill level 7 in Transmutations
  2859 | D:3      | Learned a level 3 spell: Spider Form
  2966 | D:3      | Reached XP level 6. HP: 35/43 MP: 9/9
  3055 | D:3      | Noticed RascalDebosk's ghost (amateur MiBe)
  3065 | D:3      | Found a runed translucent gate.
  3065 | D:3      | Found a runed translucent gate.
  3066 | D:3      | Found a runed translucent gate.
  3286 | D:3      | Found a runed translucent door.
  3287 | D:3      | Noticed Crazy Yiuf
  3393 | D:3      | Killed Crazy Yiuf
  3653 | D:4      | Found a staircase to the Ecumenical Temple.
  3668 | Temple   | Entered the Ecumenical Temple
  4130 | Temple   | Became a worshipper of the Wu Jian Council
  4251 | D:4      | Noticed Natasha
  4259 | D:4      | Killed Natasha
  4487 | D:4      | Found a runed translucent gate.
  4487 | D:4      | Found a runed translucent gate.
  4487 | D:4      | Found a runed translucent gate.
  4487 | D:4      | Noticed RascalDebosk's ghost (amateur TrBe)
  4487 | D:4      | Noticed lambentLogic's ghost (amateur KoEn)
  4487 | D:4      | Noticed CertainDeath's ghost (amateur MfTm)
  4734 | D:4      | Noticed Natasha
  4754 | D:4      | Killed Natasha
  4768 | D:4      | Reached skill level 1 in Poison Magic
  4773 | D:4      | Reached skill level 8 in Transmutations
  4796 | D:4      | HP: 2/43 [hound (4)]
  4804 | D:4      | Reached skill level 5 in Dodging
  4804 | D:4      | Reached XP level 7. HP: 13/48 MP: 1/10
  5221 | D:4      | Learned a level 4 spell: Ice Form
  5241 | D:5      | Entered Level 5 of the Dungeon
  5475 | D:5      | Splashed by a jelly's acid

Illustrated notes

Levels and vault maps discovered:
D:1:      ebering_trefoil_3fold, layout_basic, serial_shops, shop
D:2:      layout_loops_cross, ebering_ecumenical_altar_webs,
          minmay_misc_feat_more_columns
D:3:      layout_basic, gammafunk_ghost_split, uniq_crazy_yiuf_cottage
D:4:      minmay_diamond_boxcup, layout_basic, minmay_temple_entry_butterflies,
          gammafunk_ghost_cemetery, uniq_natasha
D:5:      layout_basic, guppyfry_early_lair_pool, uniq_blork_the_orc
Temple:   roderic_octagonal_lattice_temple

Skill      XL: |  1  2  3  4  5  6  7 |
---------------+----------------------+-----
Transmutations | 3 4 5 6 7 8 |  8.4
Dodging        | 3 4 5 |  5.1
Poison Magic   | 1 |  1.5
Unarmed Combat | 4 |  4.0
Fighting       | |  1.1
Spellcasting   | |  2.0
Ice Magic      | |  0.7

Action                   |  1- 3 |  4- 6 |  7- 9 || total
-------------------------+-------+-------+-------++-------
Melee: Unarmed           |    89 |   233 |    41 ||   363
       Headbutt          |    11 |    31 |     4 ||    46
       Punch             |     2 |     6 |     2 ||    10
Throw: Dart              |       |       |     3 ||     3
 Cast: Beastly Appendage |    20 |    34 |     4 ||    58
       Wereblood         |       |     3 |     1 ||     4
       Spider Form       |       |     3 |     1 ||     4
Invok: Lunge             |       |     4 |     3 ||     7
  Use: Potion            |     2 |     3 |     1 ||     6
       Scroll            |       |     8 |       ||     8
 Stab: Sleeping          |       |     3 |       ||     3
Armor: Robe              |    18 |    42 |    22 ||    82
       Skin              |       |     1 |     2 ||     3
Dodge: Dodged            |    49 |   168 |    81 ||   298
